 Dungeon Crawl Stone Soup version 0.22-a0-409-gb855193 (webtiles) character file.

56 Gorice the Ducker (level 3, -9/23 HPs)
             Began as a Deep Elf Wanderer on May 10, 2018.
             Mangled by an ogre
             ... wielding a +0 giant club
              (14 damage)
             ... on level 4 of the Dungeon.
             The game lasted 00:05:12 (1602 turns).

Gorice the Ducker (Deep Elf Wanderer)               Turns: 1602, Time: 00:05:13

Health: -9/23      AC:  5    Str:  8    XL:     3   Next: 71%
Magic:  9/9        EV: 13    Int: 15    God:
Gold:   52         SH:  0    Dex: 17    Spells: 8/8 levels left

rFire    . . .     SeeInvis .   b - +0 falchion
rCold    . . .     Gourm    .   (no shield)
rNeg     . . .     Faith    .   a - +2 leather armour
rPois    .         Spirit   .   (no helmet)
rElec    .         Reflect  .   (no cloak)
rCorr    .         Harm     .   (no gloves)
MR       .....                  (no boots)
Stlth    ++........             (no amulet)
HPRegen  0.07/turn              (no ring)
MPRegen  0.11/turn              (no ring)

@: no status effects
A: no striking features
a: no special abilities


You were on level 4 of the Dungeon.
You were hungry.

You visited 1 branch of the dungeon, and saw 3 of its levels.

You collected 52 gold pieces.

Inventory:

Hand Weapons
 b - a +0 falchion (weapon)
 d - a +0 dagger
Missiles
 Y - 21 stones (quivered)
Armour
 a - a +2 leather armour (worn)
 e - a +0 scale mail
Potions
 j - a potion of curing {unknown}
Comestibles
 f - 2 rations


   Skills:
 + Level 3.0 Fighting
 + Level 1.6 Long Blades
 + Level 3.4 Dodging
 - Level 2.4 Stealth
 - Level 3.0 Spellcasting
   Level 1.0 Air Magic


You had 8 spell levels left.
You didn't know any spells.

Dungeon Overview and Level Annotations

Branches:
Dungeon (2/15)

Altars:


Message History

The orc misses you.
You riposte.
You hit the orc but do no damage.
The ogre struggles against the net.
You strike the helpless ogre from behind!
You hit the ogre.
The ogre is lightly wounded.
The orc wizard looks satisfied for a moment.
The ogre struggles against the net.
The orc hits you with a flail.
Damage: 2 (max 2)
You strike the helpless ogre from behind!
You hit the ogre.
The ogre is moderately wounded.
The ogre struggles against the net.
The net rips apart, and the ogre comes free!
You hit the ogre but do no damage.
The ogre is moderately wounded.
The ogre closely misses you. The orc wizard closely misses you.
You riposte.
You closely miss the orc wizard. You barely miss the ogre.
The ogre is lightly wounded.
The ogre closely misses you. The orc wizard hits you with a dagger.
Damage: 1 (max 2)
You hit the ogre.
The ogre is moderately wounded.
The ogre barely misses you. The orc wizard casts a spell at you.
The puff of frost hits you!
Damage: 1 (max 2)
You hit the ogre.
The ogre is moderately wounded.
The orc wizard misses you. The ogre misses you.
Unknown command.
You hit the ogre but do no damage.
The ogre is moderately wounded.
The orc wizard hits you with a dagger. The ogre hits you with a giant club!
* * * LOW HITPOINT WARNING * * *
The orc wizard misses you.
Damage: 10 (max 10)
You barely miss the ogre.
The ogre is moderately wounded.
The ogre closely misses you.
You riposte.
You hit the ogre but do no damage.
The ogre is moderately wounded.
The orc wizard gestures at you while chanting.
The magic dart hits you!
* * * LOW HITPOINT WARNING * * *
Damage: 4 (max 10)
You hit the ogre.
The ogre is moderately wounded.
The orc wizard closely misses you. The ogre hits you with a giant club!
Ouch! That really hurt!
You die... ....... ...... ..... .... ######### ... o..oo.oo#

.. #o#
#######
#' #@#
#.....#
#s #O#
#s###.#
#O #s#
#.# #.#
#. #.#
#.#
#O#####.
#.# #.#
#.....s.
#.#####.#
########
#.....s.#
#########


You could see an ogre, a scorpion, 2 orc wizards and an orc.

Vanquished Creatures
  An adder (D:2)
  An ooze (D:1)
  3 dart slugs (D:1)
  2 leopard geckos (D:1)
  A ball python (D:1)
  2 giant cockroaches (D:1)
  6 goblins
  5 hobgoblins
  3 bats
  A frilled lizard (D:1)
  4 kobolds
  4 rats (D:1)
33 creatures vanquished.

Notes
Turn   | Place    | Note
-------+----------+-------------------------------------------
     0 | D:1      | Gorice the Deep Elf Wanderer began the quest for the Orb.
     0 | D:1      | Gorice set off with: a +2 leather armour, a +0 falchion, a +0 dagger, a ration
     0 | D:1      | Reached XP level 1. HP: 13/13 MP: 6/6
   157 | D:1      | Reached XP level 2. HP: 13/18 MP: 8/8
   370 | D:1      | Reached skill level 1 in Long Blades
   437 | D:1      | Reached skill level 3 in Dodging
   652 | D:1      | Reached XP level 3. HP: 20/22 MP: 9/9
  1202 | D:2      | Reached skill level 3 in Fighting
  1207 | D:2      | HP: 6/23 [poisoned by an adder]
  1214 | D:2      | HP: 5/23 [poisoned by an adder]
  1222 | D:2      | HP: 4/23 [poisoned by an adder]
  1543 | D:2      | You fall through a shaft for 2 floors!
  1556 | D:4      | Noticed a scorpion
  1559 | D:4      | Noticed an ogre
  1601 | D:4      | HP: 5/23 [orc wizard/magic dart (4)]
  1602 | D:4      | Mangled by an ogre

Vault maps used:
D:1:      roderic_crop_circles_arrival_small, serial_co_window_serial,
          co_window_paths_b, co_window_corner_a, co_window_corner_a,
          co_window_of_opportunity_a, co_window_paths_b, co_window_paths_c,
          co_window_broadway_a, co_window_of_opportunity_b, co_window_corner_b,
          co_window_4corner_a, glass_columns_a, glass_columns_b

Skill      XL: |  1  2  3 |
---------------+----------+-----
Long Blades    | 1 |  1.6
Dodging        | 3 |  3.4
Fighting       | 3 |  3.0
Stealth        | |  2.4
Spellcasting   | |  3.0
Air Magic      | |  1.0

Action                   || total
-------------------------++-------
Melee: Falchion          ||   159
Throw: Stone             ||     2
       Throwing net      ||     1
  Use: Scroll            ||     3
 Stab: Sleeping          ||     5
       Held in net/web   ||     2
  Eat: Chunk             ||     2
Armor: Leather armour    ||    55
Dodge: Dodged            ||   120
       Rpst.: Falchion   ||    34

Table legend:
 A = Spawn XP
 B = Non-spawn XP
 C = Spawn XP percentage of total XP
 D = Spawn monster count
 E = Non-spawn monster count
 F = Spawn count percentage of total count
 G = Total turns spent on level
                    A         B        C        D         E        F      G
               +---------+---------+-------+---------+---------+-------+---------
         Total |       0 |      81 |   0.0 |       0 |      33 |   0.0 |  1602
               +---------+---------+-------+---------+---------+-------+---------
           D:1 |       0 |      60 |   0.0 |       0 |      27 |   0.0 |  1115
           D:2 |       0 |      21 |   0.0 |       0 |       6 |   0.0 |   428
               +---------+---------+-------+---------+---------+-------+---------

Table legend:
 A = Turns spent in this place as a percentage of turns spent in the entire game.
 B = Non-inter-level travel turns spent in this place as a percentage of non-inter-level travel turns spent in the entire game.
 C = Inter-level travel turns spent in this place as a percentage of turns spent in this place.
 D = Turns resting spent in this place as a percentage of non-inter-level travel turns spent in this place.
 E = Turns spent auto-exploring this place as a percentage of non-inter-level travel turns spent in this place.
 F = Non-inter-level travel turns spent in this place divided by the number of levels of this place that you've seen.
                   A       B       C       D       E      F
               +-------+-------+-------+-------+-------+----------------------
         Total | 100.0 | 100.0 |   2.2 |  27.6 |  41.1 | 522.3
       Dungeon | 100.0 | 100.0 |   2.2 |  27.6 |  41.1 | 522.3
               +-------+-------+-------+-------+-------+----------------------

Vault maps used:
D:1:      roderic_crop_circles_arrival_small, serial_co_window_serial,
          co_window_paths_b, co_window_corner_a, co_window_corner_a,
          co_window_of_opportunity_a, co_window_paths_b, co_window_paths_c,
          co_window_broadway_a, co_window_of_opportunity_b, co_window_corner_b,
          co_window_4corner_a, glass_columns_a, glass_columns_b
